 Dungeon Sprint DCSS version 0.21-a0-274-gc1afaeb (webtiles) character file.

159 potatolord6000 the Skirmisher (level 5, -8/51 HPs)
             Began as a Hill Orc Fighter on Sept 19, 2017.
             Was a Believer of Beogh.
             Mangled by a wight
             ... wielding a +5 halberd
              (14 damage)
             ... in the Dungeon (Sprint VII: "The Pits").
             The game lasted 00:00:47 (313 turns).

potatolord6000 the Skirmisher (Hill Orc Fighter)     Turns: 313, Time: 00:00:48

Health: -8/51      AC:  7    Str: 25    XL:     5   Next: 40%
Magic:  3/9        EV:  8    Int:  8    God:    Beogh [**....]
Gold:   0          SH: 10    Dex: 10    Spells: 4/4 levels left

rFire    . . .     SeeInvis .   a - +0 war axe
rCold    . . .     Gourm    .   c - +0 shield
rNeg     . . .     Faith    .   b - +0 scale mail
rPois    .         Spirit   .   (no helmet)
rElec    .         Reflect  .   (no cloak)
rCorr    .         Harm     .   (no gloves)
MR       .....     NoTele   +   (no boots)
Stlth    ..........             (no amulet)
HPRegen  0.17/turn              (no ring)
MPRegen  0.11/turn              (no ring)

@: mighty, very slightly contaminated, hasted, invisible, very quick
A: no striking features
a: Smiting, Renounce Religion


You were in the Dungeon.
You worshipped Beogh.
Beogh was pleased with you.
You were not hungry.

You visited 1 branch

Inventory:

Hand Weapons
 a - a +0 war axe (weapon)
Armour
 b - a +0 scale mail (worn)
 c - a +0 shield (worn)
Scrolls
 m - 3 scrolls of remove curse
 n - 5 scrolls of amnesia
 o - a scroll of summoning
Potions
 i - 4 potions of magic
 j - 3 potions of berserk rage
 l - a potion of invisibility
Comestibles
 f - 8 bread rations
 p - 40 fruits
 q - 7 meat rations


   Skills:
 + Level 6.8 Fighting
 + Level 6.5 Axes
 + Level 6.1 Armour
 + Level 6.0 Shields
 + Level 5.9 Invocations


You had 4 spell levels left.
You didn't know any spells.

Dungeon Overview and Level Annotations

Branches:
Dungeon (1/1)

Altars:
Ashenzari
Cheibriados
Dithmenos
Elyvilon
Fedhas
Gozag
Hepliaklqana
Kikubaaqudgha
Makhleb
Nemelex Xobeh
Okawaru
Qazlal
Ru
Sif Muna
Trog
Uskayaw
Vehumet
Wu Jian
Xom
Yredelemnul
Zin
The Shining One
Beogh
Jiyva
Lugonu


Message History

You destroy the wight!
Beogh accepts your kill.
Your life force feels restored.
Your Axes skill increases to level 6!
Your Armour skill increases to level 6!
Your Shields skill increases to level 6!
You hit the wight but do no damage.
Things that are here:
an enchanted scimitar; a robe Unknown command.
Unknown command.
You strike the helpless wight from behind!
You hit the wight but do no damage. x2
The wight hits you with an enchanted halberd.
The wight hits you with a great sword!
* * * LOW HITPOINT WARNING * * *
You hit the wight.
The wight is moderately damaged.
You slash the wight!
The wight hits you with an enchanted halberd!
You die...

#_________.#
#_______...###########++
##########'##...........
#.?(.')))'.##......#..#.
##########.##...........
#..........÷'...........
#+#####'#####......#..#.
#..#†z#..##...........
#..'.@z..#####'#####++
##+####'###.......#
#......†.##.......#
#....z...##.......#
#####+#####...<...#
#.......# #.......#
#.......# #########


You could see 2 wights.

Vanquished Creatures
  A floating eye (D)
  A wight (D)
  A gnoll (D)
  A giant cockroach (D)
  2 hobgoblins (D)
  A quokka (D)
  3 frilled lizards (D)
10 creatures vanquished.

Notes
Turn   | Place    | Note
-------+----------+-------------------------------------------
     0 | D        | potatolord6000 the Hill Orc Fighter began the quest for the Orb.
     0 | D        | Reached XP level 1. HP: 19/19 MP: 1/1
    20 | D        | Found a bloodstained altar of Trog.
    20 | D        | Found a deep blue altar of Sif Muna.
    20 | D        | Found a viscous altar of Jiyva.
    20 | D        | Found a hazy altar of Hepliaklqana.
    20 | D        | Found an opulent altar of Gozag.
    44 | D        | Found a glowing golden altar of the Shining One.
    44 | D        | Found a glowing silver altar of Zin.
    44 | D        | Found a basalt altar of Yredelemnul.
    44 | D        | Found a shimmering altar of Xom.
    44 | D        | Found an ornate altar of the Wu Jian Council.
    44 | D        | Found a sacrificial altar of Ru.
    44 | D        | Found a stormy altar of Qazlal.
    44 | D        | Found an iron altar of Okawaru.
    44 | D        | Found a sparkling altar of Nemelex Xobeh.
    44 | D        | Found a burning altar of Makhleb.
    44 | D        | Found a blossoming altar of Fedhas.
    44 | D        | Found a white marble altar of Elyvilon.
    44 | D        | Found a shadowy altar of Dithmenos.
    44 | D        | Found a snail-covered altar of Cheibriados.
    47 | D        | Found a corrupted altar of Lugonu.
    47 | D        | Found a radiant altar of Vehumet.
    47 | D        | Found a roughly hewn altar of Beogh.
    48 | D        | Found an ancient bone altar of Kikubaaqudgha.
    48 | D        | Found a hide-covered altar of Uskayaw.
    48 | D        | Found a shattered altar of Ashenzari.
    56 | D        | Became a worshipper of Beogh the Brigand
    79 | D        | Reached skill level 1 in Invocations
    79 | D        | Reached XP level 2. HP: 9/28 MP: 1/3
   288 | D        | Reached * piety under Beogh
   297 | D        | Noticed a wight
   297 | D        | Noticed a floating eye
   297 | D        | Noticed a wight
   297 | D        | Noticed a wight
   298 | D        | Reached ** piety under Beogh
   298 | D        | Paralysed by a floating eye for 3 turns
   307 | D        | Killed a floating eye
   307 | D        | Reached skill level 5 in Axes
   307 | D        | Reached skill level 5 in Armour
   307 | D        | Reached skill level 5 in Shields
   307 | D        | Reached skill level 5 in Invocations
   307 | D        | Reached XP level 3. HP: 20/37 MP: 3/6
   307 | D        | Reached XP level 4. HP: 23/44 MP: 3/7
   307 | D        | Reached XP level 5. HP: 27/50 MP: 3/8
   313 | D        | Mangled by a wight

Vault maps used:
D:        pitsprint

Skill      XL: |  1  2  3  4  5 |
---------------+----------------+-----
Fighting       | 4 6 |  6.8
Axes           | 3 5 6 |  6.5
Armour         | 4 5 6 |  6.1
Invocations    | 1 5 |  5.9
Shields        | 5 6 |  6.0

Action                   |  1- 3 |  4- 6 || total
-------------------------+-------+-------++-------
Melee: War axe           |    11 |     4 ||    15
  Use: Potion            |     5 |       ||     5
       Scroll            |     1 |       ||     1
 Stab: Invisible         |       |     2 ||     2
Armor: Scale mail        |     5 |       ||     5
Dodge: Dodged            |     2 |     1 ||     3
Block: Shield            |     4 |       ||     4

Table legend:
 A = Spawn XP
 B = Non-spawn XP
 C = Spawn XP percentage of total XP
 D = Spawn monster count
 E = Non-spawn monster count
 F = Spawn count percentage of total count
 G = Total turns spent on level
                    A         B        C        D         E        F      G
               +---------+---------+-------+---------+---------+-------+---------
         Total |       0 |     228 |   0.0 |       0 |      10 |   0.0 |   313
               +---------+---------+-------+---------+---------+-------+---------
             D |       0 |     228 |   0.0 |       0 |      10 |   0.0 |   313
               +---------+---------+-------+---------+---------+-------+---------
